 Dungeon Crawl Stone Soup version 0.20-a0-16-g0876c8e (webtiles) character file.

65 Kareekexe the Ogre Mage (level 4, 0/42 HPs)
             Began as an Ogre Wizard on Nov 4, 2016.
             Succumbed to a worker ant's poison
             ... on level 3 of the Dungeon.
             The game lasted 00:06:01 (2434 turns).

Kareekexe the Ogre Mage (Ogre Wizard)               Turns: 2434, Time: 00:06:02

Health: 0/42       AC:  3    Str: 12    XL:     4   Next: 14%
Magic:  10/10      EV: 10    Int: 18    God:
Gold:   33         SH:  0    Dex:  8    Spells: 1 memorised, 10 levels left

rFire  . . .     SeeInvis .     i - +0 whip
rCold  . . .     Gourm    .     a - +0 robe
rNeg   . . .     Faith    .     (no shield)
rPois  .         Spirit   .     b - +0 hat
rElec  .         Reflect  .     (no cloak)
rCorr  .         Harm     .     (gloves unavailable)
MR     .....                    (boots unavailable)
Stlth  +.........               (no amulet)
                                (no ring)
                                (no ring)

@: lethally poisoned (0 -> -24), very slightly contaminated
A: unfitting armour, tough skin 1
a: no special abilities


You were on level 3 of the Dungeon.
You were near starving.

You visited 1 branch of the dungeon, and saw 3 of its levels.

You collected 33 gold pieces.

Inventory:

Hand Weapons
 i - a +0 whip (weapon)
Missiles
 h - 97 stones (quivered)
Armour
 a - a +0 robe (worn)
 b - a +0 hat (worn)
Jewellery
 g - an uncursed ring of ice {unknown}
Scrolls
 e - a scroll of enchant weapon {unknown}
 f - a scroll of magic mapping {unknown}
 j - a scroll of identify {unknown}
 m - 3 scrolls of teleportation {unknown}
 n - a scroll of blinking {unknown}
 p - a scroll of immolation {unknown}
Potions
 l - a potion of curing {unknown}
 o - a potion of resistance {unknown}
Books
 c - a book of Minor Magic

   Spells                             Type                      Level
   a - Magic Dart                     Conjuration                  1
   b - Blink                          Translocation                2
   c - Call Imp                       Summoning                    2
   d - Repel Missiles                 Charms/Air                   2
   e - Slow                           Hexes                        2
   f - Conjure Flame                  Conjuration/Fire             3
   g - Mephitic Cloud                 Conjuration/Poison/Air       3
Comestibles
 d - a bread ration


   Skills:
 + Level 2.1 Fighting
 + Level 0.6 Maces & Flails
 + Level 2.7 Dodging
 - Level 1.4 Stealth
 + Level 4.0 Spellcasting
 + Level 1.2 Conjurations
   Level 0.6 Summonings
   Level 0.6 Translocations


You had 10 spell levels left.
You knew the following spells:

 Your Spells              Type           Power        Failure   Level  Hunger
a - Magic Dart            Conj           #...         12%         1    None


Dungeon Overview and Level Annotations

Branches:
Dungeon (3/15)

Altars:

Annotations:
D:2 Terence


Innate Abilities, Weirdness & Mutations

You are too large for most types of armour.
You have tough skin. (AC +1)


Message History

Casting: Magic Dart
Confirm with . or Enter, or press ? or * to list all spells.
Aiming: Magic Dart
Press: ? - help, Shift-Dir - straight line, f/p - worker ant
Aim: a worker ant (lightly wounded)
The magic dart hits the worker ant.
The worker ant is lightly wounded.
* * * LOW HITPOINT WARNING * * *
You feel sick. The worker ant barely misses you. The rat barely misses you.
The worker ant barely misses you. The hobgoblin closely misses you.
It was a potion of magic.
Magic courses through your body.
* * * LOW HITPOINT WARNING * * *
You feel sick. The rat barely misses you. The worker ant bites you.
* * * LOW HITPOINT WARNING * * *
You are more poisoned.
The worker ant poisons you! The hobgoblin hits you.
* * * LOW HITPOINT WARNING * * *
You closely miss the worker ant.
The worker ant is lightly wounded.
You die...

## . #.
##.#
#..r###.#
#a@g..#
#...#####
####


You could see a worker ant, a hobgoblin and a rat.

Vanquished Creatures
  2 oozes (D:1)
  2 worms
  2 dart slugs
  2 giant cockroaches (D:1)
  11 goblins
  4 hobgoblins
  2 jackals (D:2)
  5 bats
  A frilled lizard (D:2)
  10 kobolds
  4 rats (D:1)
45 creatures vanquished.

Notes
Turn   | Place    | Note
-------+----------+-------------------------------------------
     0 | D:1      | Kareekexe the Ogre Wizard began the quest for the Orb.
     0 | D:1      | Reached XP level 1. HP: 16/16 MP: 5/5
    45 | D:1      | Reached skill level 1 in Fighting
    45 | D:1      | Reached XP level 2. HP: 24/27 MP: 0/6
   341 | D:1      | Reached skill level 1 in Conjurations
   376 | D:1      | Reached XP level 3. HP: 29/33 MP: 1/8
  1811 | D:2      | Reached XP level 4. HP: 42/42 MP: 1/9
  2245 | D:2      | Reached skill level 4 in Spellcasting
  2246 | D:2      | Noticed Terence
  2433 | D:3      | HP: 2/42 [hobgoblin (5)]
  2434 | D:3      | Succumbed to a worker ant's poison

Vault maps used:
D:1:      erik_arrival_gehennom, minmay_misc_feat_enclosed
D:2:      kennysheep_six_static_rooms, minmay_misc_feat_room, uniq_terence
D:3:      eat_drink_and_be_merry_uskayaw, first_bread

Skill      XL: |  1  2  3  4 |
---------------+-------------+-----
Dodging        | 2 |  2.7
Fighting       | 1 2 |  2.1
Conjurations   | 1 |  1.2
Spellcasting   | 4 |  4.0
Maces & Flails | |  0.6
Stealth        | |  1.4
Summonings     | |  0.6
Translocations | |  0.6

Action                   |  1- 3 |  4- 6 || total
-------------------------+-------+-------++-------
Melee: Unarmed           |    30 |       ||    30
       Whip              |    46 |    23 ||    69
 Cast: Magic Dart        |    78 |    22 ||   100
  Use: Potion            |       |     1 ||     1
  Eat: Chunk             |     3 |       ||     3
Armor: Robe              |    23 |    29 ||    52
Dodge: Dodged            |    34 |    53 ||    87
